 Dungeon Crawl Stone Soup version 0.25-a0-583-g696c2ac64d (webtiles) character file.

Game seed: 11810779099781840575, levelgen mode: deterministic

4750 Amnesiac the Fighter (level 10, 0/110 HPs)
             Began as an Ogre Fighter on Mar 8, 2020.
             Was an Elder of Okawaru.
             Slain by an orc knight
             ... wielding a +0 glaive
              (21 damage)
             ... in a bailey.
             The game lasted 00:17:30 (6887 turns).

Amnesiac the Fighter (Ogre Fighter)                 Turns: 6887, Time: 00:17:31

Health: 0/110      AC:  4    Str: 22    XL:     10   Next: 46%
Magic:  14/15      EV: 14    Int:  9    God:    Okawaru [****..]
Gold:   456        SH: 12    Dex: 11    Spells: 9/9 levels left

rFire    . . .     SeeInvis .   a - +0 long sword
rCold    . . .     Gourm    +   c - +1 kite shield
rNeg     . . .     Faith    .   b - +0 robe
rPois    .         Spirit   .   (helmet restricted)
rElec    .         Reflect  .   B - +0 cloak
rCorr    .         Harm     .   (gloves unavailable)
MR       +....                  (boots unavailable)
Stlth    +++.......             A - amulet of the gourmand
HPRegen  0.28/turn              (no ring)
MPRegen  0.14/turn              (no ring)

@: heroism
A: large, unfitting armour, tough skin 1
a: Heroism, Renounce Religion


You were in a bailey.
You worshipped Okawaru.
Okawaru was greatly pleased with you.
You were completely stuffed.

You visited 1 branch of the dungeon, and saw 7 of its levels.
You also visited: Bailey.

You collected 456 gold pieces.

Inventory:

Hand Weapons
 a - a +0 long sword (weapon)
 h - a +0 hunting sling
 p - a +2 spear of venom
Missiles
 g - 161 stones
 j - 12 boomerangs (quivered)
 r - 68 sling bullets
Armour
 b - a +0 robe (worn)
 c - a +1 kite shield (worn)
 l - a scarf of cloud immunity
 B - a +0 cloak (worn)
Jewellery
 A - an amulet of the gourmand (around neck)
Wands
 y - a wand of flame (15)
 D - a wand of digging (5)
Scrolls
 e - a scroll of identify {!r}
 m - a scroll of teleportation {!r}
 n - a scroll of enchant weapon {!r, unknown}
 o - 3 scrolls of random uselessness {!r, unknown}
 q - a scroll of magic mapping {!r}
 s - 2 scrolls of remove curse {!r}
 t - a scroll of blinking {!r}
 u - 3 scrolls of fog {!r}
 C - a scroll of holy word {!r, unknown}
Potions
 d - a potion of might {!q}
 v - 2 potions of resistance {!q}
Comestibles
 f - 7 rations
 i - 4 chunks of flesh


   Skills:
 + Level 10.3(15.3) Fighting
 - Level 2.0(7.0) Long Blades
 * Level 10.2(15.2) Throwing
 - Level 4.0(9.0) Dodging
 - Level 4.0(9.0) Shields
 + Level 7.2 Invocations


You had 9 spell levels left.
You didn't know any spells.
Your spell library contained the following spells:

 Spells                   Type           Power        Failure   Level  Hunger
 Freeze                   Ice            #...         38%         1    ##.....
 Ice Form                 Ice/Tmut       #.......     99%         4    #####..
 Summon Ice Beast         Ice/Summ       #.......     99%         4    #####..
 Iskenderun's Battlesphe  Conj/Chrm      #.......     100%        5    ######.
 Deflect Missiles         Chrm/Air       #.........   100%        6    #######


Dungeon Overview and Level Annotations

Branches:
Dungeon (7/15)             Temple (0/1) D:5          Bailey (1/1)

Altars:
Makhleb
Okawaru
Vehumet
Wu Jian

Annotations:
D:7 Pikel


Innate Abilities, Weirdness & Mutations

You are too large for most types of armour.
You have tough skin. (AC +1)


Message History

Unknown command.
Throwing (i - inventory. (/) - cycle)
k - a poisoned dart (quivered)
Press: ? - help, Shift-Dir - straight line, f/p - orc knight
Aim: an orc knight, wielding a +0 glaive and wearing a +0 plate armour (lightly wounded, poisoned)
You throw a poisoned dart. The poisoned dart hits the orc knight!!
The orc knight looks as sick as possible!
The orc knight is lightly wounded.
Unknown command.
Quiver which item? (- for none, * to show all) (? for menu, Esc to quit)
Quivering
j - 12 boomerangs for throwing.
Evoke which item? (* to show all) (? for menu, Esc to quit)
Okay, then.
The orc knight complains loudly.
Things that are here:
a +0 arbalest; 13 bolts; a +0 scale mail You gain the combat prowess of a mighty hero.
The orc knight hits you from afar with a +0 glaive!
* * * LOW HITPOINT WARNING * * *
Okay, then.
Throwing (i - inventory. (/) - cycle)
j - 12 boomerangs (quivered)
Press: ? - help, Shift-Dir - straight line, f/p - orc knight
Aim: an orc knight, wielding a +0 glaive and wearing a +0 plate armour (lightly wounded, very poisoned)
You throw a boomerang.
The boomerang hits the orc knight but does no damage.
The orc knight is lightly wounded.
Unknown command.
Throwing (i - inventory. (/) - cycle)
j - 12 boomerangs (quivered)
Press: ? - help, Shift-Dir - straight line, f/p - orc knight
Aim: an orc knight, wielding a +0 glaive and wearing a +0 plate armour (lightly wounded, very poisoned)
You throw a boomerang.
The boomerang hits the orc knight but does no damage.
The orc knight is lightly wounded.
The orc knight hits you from afar with a +0 glaive!!
* * * LOW HITPOINT WARNING * * *
Unknown command.
Throwing (i - inventory. (/) - cycle)
j - 12 boomerangs (quivered)
Press: ? - help, Shift-Dir - straight line, f/p - orc knight
Aim: an orc knight, wielding a +0 glaive and wearing a +0 plate armour (lightly wounded, very poisoned)
You throw a boomerang. The boomerang hits the orc knight.
The orc knight is moderately wounded.
Unknown command.
Unknown command.
You block the orc knight's attack.
Throwing (i - inventory. (/) - cycle)
j - 12 boomerangs (quivered)
Press: ? - help, Shift-Dir - straight line, f/p - orc knight
Aim: an orc knight, wielding a +0 glaive and wearing a +0 plate armour (lightly wounded, very poisoned)
You throw a boomerang. The boomerang hits the orc knight.
The orc knight is moderately wounded.
The orc knight hits you with a +0 glaive!
* * * LOW HITPOINT WARNING * * *
Unknown command.
Throwing (i - inventory. (/) - cycle)
j - 12 boomerangs (quivered)
Press: ? - help, Shift-Dir - straight line, f/p - orc knight
Aim: an orc knight, wielding a +0 glaive and wearing a +0 plate armour (moderately wounded, very poisoned)
You throw a boomerang. The boomerang hits the orc knight!
The orc knight is heavily wounded.
Unknown command.
Throwing (i - inventory. (/) - cycle)
j - 12 boomerangs (quivered)
Press: ? - help, Shift-Dir - straight line, f/p - orc knight
Aim: an orc knight, wielding a +0 glaive and wearing a +0 plate armour (heavily wounded, very poisoned)
You throw a boomerang.
The boomerang barely misses the orc knight.
The orc knight hits you with a +0 glaive!!
You die...

### ### ##
##.###########∩######### #.#
#...##)))..##...##.....##..)
#...#..≈≈≈..#...#..≈≈≈..#..[
#...#.≈≈)≈≈.......≈≈.≈≈.#..%
#..)'.≈.∩)≈.......≈)∩.≈.()..
#...#.≈≈.≈≈.o...).≈≈.≈≈.#...
#...#..≈≈≈.@#...#..≈≈≈..#o..
#...##.....##.∩.##.....##..$
##.###########∩######### #.#
### ### ##


You could see an orc knight.

Vanquished Creatures
  3 orc knights (Bailey)
  A hornet (D:7)
  A hippogriff (D:6)
  Sigmund (D:2)
  Eustachio (D:6)
  Duvessa (D:4)
  8 orc warriors
  4 slaves (D:7)
  2 sky beasts
  A black bear (D:7)
  A phantom (D:6)
  An ogre (D:4)
  A centaur (D:7)
  2 bullfrogs
  Blork the orc (D:6)
  A gnoll sergeant (D:6)
  Dowan (D:4)
  2 scorpions
  2 wights (D:7)
  A howler monkey (D:6)
  3 crimson imps
  2 hounds (D:7)
  A centaur skeleton (D:4)
  An orc priest (D:4)
  Natasha (thrice) (D:2)
  An iguana (D:4)
  2 orc wizards
  3 worker ants
  Robin (D:1)
  2 howler monkey zombies (D:6)
  9 gnolls
  5 adders
  A shadow imp (D:6)
  3 worms (D:3)
  5 dart slugs
  7 leopard geckos
  25 orcs
  11 bats
  6 giant cockroaches
  13 goblins
  11 hobgoblins
  16 jackals
  8 kobolds
  3 quokkas
  4 ball pythons
  6 frilled lizards
  A jackal skeleton (D:4)
  9 rats
198 creatures vanquished.

Notes
Turn   | Place    | Note
-------+----------+-------------------------------------------
     0 | D:1      | Amnesiac the Ogre Fighter began the quest for the Orb.
     0 | D:1      | Reached XP level 1. HP: 24/24 MP: 1/1
   138 | D:1      | Reached XP level 2. HP: 31/32 MP: 2/2
   183 | D:1      | Reached skill level 1 in Throwing
   322 | D:1      | Reached XP level 3. HP: 39/39 MP: 3/3
   896 | D:2      | Noticed Robin
   912 | D:1      | Killed Robin
   912 | D:1      | Reached XP level 4. HP: 35/49 MP: 4/4
  1051 | D:2      | Noticed Natasha
  1056 | D:2      | Killed Natasha
  1061 | D:2      | Noticed Natasha
  1154 | D:2      | Killed Natasha
  1154 | D:2      | Reached XP level 5. HP: 36/55 MP: 5/5
  1284 | D:2      | Noticed Natasha
  1294 | D:2      | Killed Natasha
  1294 | D:2      | Reached skill level 5 in Fighting
  1396 | D:2      | You fall into a shaft and drop 1 floor!
  1854 | D:2      | Noticed Sigmund
  1900 | D:2      | Killed Sigmund
  1900 | D:2      | Reached XP level 6. HP: 50/66 MP: 6/6
  2116 | D:2      | Found an iron altar of Okawaru.
  2128 | D:2      | Became a worshipper of Warmaster Okawaru
  2571 | D:3      | Found an ornate altar of the Wu Jian Council.
  2631 | D:4      | Noticed Duvessa
  2633 | D:4      | Noticed Dowan
  2675 | D:3      | Reached XP level 7. HP: 9/74 MP: 7/7
  3189 | D:4      | Killed Dowan
  3189 | D:4      | Reached skill level 1 in Invocations
  3192 | D:4      | Killed Duvessa
  3327 | D:4      | Reached * piety under Okawaru
  3350 | D:4      | Reached skill level 5 in Throwing
  3623 | D:4      | Reached XP level 8. HP: 84/84 MP: 8/10
  3937 | D:5      | Entered Level 5 of the Dungeon
  4440 | D:5      | Found a staircase to the Ecumenical Temple.
  4538 | D:5      | Found a radiant altar of Vehumet.
  4878 | D:6      | Reached ** piety under Okawaru
  4902 | D:6      | Noticed Blork the orc
  4912 | D:6      | Killed Blork the orc
  5382 | D:6      | Reached XP level 9. HP: 61/96 MP: 12/12
  5572 | D:6      | Noticed Eustachio
  5586 | D:6      | Killed Eustachio
  5875 | D:6      | Found a burning altar of Makhleb.
  5981 | D:6      | Reached *** piety under Okawaru
  5981 | D:6      | Reached skill level 5 in Invocations
  6228 | D:7      | Noticed Pikel
  6277 | D:7      | Noticed a hornet
  6301 | D:7      | Killed a hornet
  6382 | D:7      | Found a flagged portal.
  6407 | Bailey   | Entered a bailey
  6407 | Bailey   | Noticed an orc knight
  6407 | Bailey   | Noticed an orc knight
  6731 | Bailey   | Killed an orc knight
  6731 | Bailey   | Reached **** piety under Okawaru
  6731 | Bailey   | Reached XP level 10. HP: 96/109 MP: 14/14
  6757 | Bailey   | Killed an orc knight
  6757 | Bailey   | Reached skill level 10 in Fighting
  6780 | Bailey   | Noticed an orc knight
  6793 | Bailey   | Reached skill level 10 in Throwing
  6805 | Bailey   | Killed an orc knight
  6824 | Bailey   | Identified the Compendium of Glacial Boosts
  6863 | Bailey   | Noticed an orc knight
  6887 | Bailey   | Slain by an orc knight

Levels and vault maps discovered:
D:1:      lordsloth_arrival_two_stooges, layout_loops_ring
D:2:      layout_rooms, okawaru_altar_gauntlet_db, uniq_robin, uniq_sigmund,
          uniq_natasha
D:3:      layout_loops_ring, lemuel_coloured_pillars_altar, st_stairs_12
D:4:      layout_rooms, first_ration, kennysheep_windowed_goal, uniq_duvessa
D:5:      layout_gridville, minmay_temple_entry_glassed_door,
          vehumet_altar_wand_db
D:6:      layout_rooms, lightli_temple_of_fire, uniq_blork_the_orc,
          uniq_eustachio
D:7:      kennysheep_big_flooded_room, layout_gridville, kennysheep_mini_moat,
          enter_bailey_6, uniq_pikel
Bailey:   bailey_polearm_4, bailey

Skill      XL: |  1  2  3  4  5  6  7  8  9 10 |
---------------+-------------------------------+-----
Long Blades    | 2 |  2.0
Throwing       | 1 2 3 4 5 7 9 10 | 10.2
Shields        | 3 4 |  4.0
Dodging        | 3 4 |  4.0
Fighting       | 5 6 7 9 10 | 10.3
Invocations    | 2 4 6 7 |  7.2

Action                   |  1- 3 |  4- 6 |  7- 9 | 10-12 || total
-------------------------+-------+-------+-------+-------++-------
Melee: Long sword        |   106 |       |    19 |       ||   125
       Spear             |       |   135 |   271 |       ||   406
Throw: Stone             |    68 |    79 |     3 |       ||   150
       Boomerang         |     4 |    24 |   195 |    65 ||   288
       Dart              |       |     5 |    10 |     2 ||    17
Invok: Heroism           |       |       |     2 |     2 ||     4
Evoke: Wand              |       |       |     8 |       ||     8
  Use: Scroll            |       |     4 |     9 |       ||    13
       Potion            |       |     2 |     8 |       ||    10
  Eat: Chunk             |       |     6 |    22 |     1 ||    29
Armor: Robe              |    38 |    16 |    40 |       ||    94
       Skin              |       |       |    14 |       ||    14
Dodge: Dodged            |    56 |    44 |   125 |     6 ||   231
Block: Kite shield       |    56 |    65 |   157 |     6 ||   284
       Rpst.: Long sword |    24 |       |     2 |     1 ||    27

Table legend:
 A = Non-vault XP
 B = Vault XP
 C = Vault XP percentage of total XP
 D = Non-vault monster count
 E = Vault monster count
 F = Vault count percentage of total count
                 A         B        C        D         E       F
            +---------+---------+-------+---------+---------+-------
      Total |    3062 |    3724 |  54.9 |     151 |      43 |  22.2
            +---------+---------+-------+---------+---------+-------
        D:1 |      61 |      16 |  20.8 |      35 |       1 |   2.8
        D:2 |      96 |     294 |  75.4 |      15 |      20 |  57.1
        D:3 |     184 |       1 |   0.5 |      28 |       1 |   3.4
        D:4 |     437 |     230 |  34.5 |      23 |       3 |  11.5
        D:5 |     432 |       2 |   0.5 |      16 |       1 |   5.9
        D:6 |    1018 |     301 |  22.8 |      23 |       2 |   8.0
        D:7 |     834 |       0 |   0.0 |      11 |       0 |   0.0
     Bailey |       0 |    2880 | 100.0 |       0 |      15 | 100.0
            +---------+---------+-------+---------+---------+-------
